 Dungeon Crawl Stone Soup version 0.29.0-7-g18a832c13a (webtiles) character file.

Game seed: 12362348725097646473

418 Colgate the Insei (level 6, -2/43 HPs)
             Began as an Octopode Transmuter on Aug 30, 2022.
             Was a Follower of Uskayaw.
             Slain by a gnoll
             ... wielding a +0 spear
             ... led by a gnoll sergeant
              (4 damage)
             ... on level 5 of the Dungeon.
             The game lasted 00:14:00 (4220 turns).

Colgate the Insei (Octopode Transmuter)             Turns: 4220, Time: 00:14:01

Health: -2/43      AC:  2    Str: 10    XL:     6   Next: 93%
Magic:  1/9        EV: 19    Int: 17    God:    Uskayaw [*.....]
Gold:   292        SH:  0    Dex: 17    Spells: 3/9 levels left

rFire   . . .      SeeInvis .     - Unarmed
rCold   . . .      Faith    .   (shield currently unavailable)
rNeg    . . .      Spirit   .   (helmet currently unavailable)
rPois   x          Reflect  .   (no amulet)
rElec   .          Harm     .   (no ring)
rCorr   .          Rampage  .   (no ring)
Will    .....                   (no ring)
Stlth   ++........              (no ring)
HPRegen 0.14/turn               (no ring)
MPRegen 0.11/turn               (no ring)
                                (no ring)
                                (no ring)

@: spider-form (expiring)
A: venomous fangs, almost no armour, (amphibious), 8 rings, tiny, (camouflage
1), (gelatinous body 1), (nimble swimmer 1), (tentacles)
a: End Transformation, Renounce Religion, Stomp


You were on level 5 of the Dungeon.
You worshipped Uskayaw.
Uskayaw was noncommittal.
You were a venomous arachnid creature.
You visited 1 branch of the dungeon, and saw 5 of its levels.

You collected 292 gold pieces.

Inventory:

Hand Weapons
 p - the +9 spear "Tiddoo" {venom, Str+8 Dex-2 Stlth+}
   (You found it on level 3 of the Dungeon)

   It poisons the flesh of those it strikes.
   Str:       It affects your strength (+8).
   Dex:       It affects your dexterity (-2).
   Stlth:     It makes you more stealthy.
Missiles
 m - 12 poisoned darts
Armour
 l - a +0 kite shield
Magical Staves
 e - a staff of cold
Jewellery
 q - an amulet of guardian spirit
Scrolls
 d - 2 scrolls of teleportation {@r3}
 h - a scroll of enchant armour {unknown}
 i - a scroll of summoning {unknown}
 j - a scroll of immolation {unknown}
 k - 2 scrolls of noise
Potions
 a - a potion of lignification
 b - a potion of invisibility {unknown}
 c - 5 potions of curing {@q1}
 f - a potion of magic {unknown}
 g - 4 potions of mutation
 n - 2 potions of brilliance
 o - a potion of attraction


   Skills:
 - Level 4.1 Fighting
 - Level 2.0 Dodging
 + Level 5.4 Unarmed Combat
 - Level 2.0 Spellcasting
 - Level 3.0 Transmutations
 - Level 1.0 Poison Magic
 - Level 1.5 Invocations


You had 3 spell levels left.
You knew the following spells:

 Your Spells              Type           Power      Damage    Failure   Level
a - Beastly Appendage     Tmut           22%        N/A       16%         1
b - Wereblood             Tmut           11%        N/A       22%         2
c - Spider Form           Tmut/Pois      8%         N/A       47%         3

Your spell library contained the following spells:

 Spells                   Type           Power      Damage    Failure   Level
 Gell's Gravitas          Tloc           1%         N/A       71%         3
 Teleport Other           Tloc           1%         N/A       71%         3
 Ice Form                 Ice/Tmut       6%         N/A       87%         4
 Dispersal                Tloc           0%         N/A       100%        6
 Disjunction              Tloc           0%         N/A       100%        8


Dungeon Overview and Level Annotations

Branches:
Dungeon (5/15)
 Temple: D:4-7

Altars:
Uskayaw


Innate Abilities, Weirdness & Mutations

You are a venomous arachnid creature.
You have poisonous fangs.
You are tiny and dextrous.
Your spellcasting is less reliable in this form.
Your armour is entirely melded.
You are incapable of wielding weapons or throwing items.
You cannot wear most types of armour.
((You are amphibious.))
You can wear up to eight rings at the same time.
((Your skin changes colour to match your surroundings (Stealth+).))
((Your rubbery body absorbs attacks. (AC +1, EV +1)))
((You are camouflaged when in or above water. (Stealth+)))
((You have tentacles for arms and can constrict up to eight enemies at once.))


Message History

A gnoll sergeant comes into view. It is wielding a +0 trident.
You see here a +0 spear.
Your primal bloodlust is almost over.
Casting: Spider Form (quite dangerous; 26% risk of failure)
You turn into a venomous arachnid creature.
The gnoll closely misses you. The gnoll sergeant closely misses you.
You hit the gnoll but do no damage.
The gnoll is poisoned.
The gnoll barely misses you. The gnoll sergeant closely misses you.
You barely miss the gnoll. The gnoll closely misses you.
The gnoll sergeant closely misses you.
You hit the gnoll.
You kill the gnoll!
The gnoll sergeant closely misses you.
Your transformation is almost over.
The gnoll sergeant closely misses you.
You see here a +0 club.
You hit the gnoll sergeant.
The gnoll sergeant is poisoned.
Your primal bloodlust has ended.
The gnoll sergeant hits you with a +0 trident!
The gnoll sergeant blocks your attack.
A gnoll comes into view. It is wielding a +0 club.
The gnoll sergeant barely misses you.
You hit the gnoll sergeant.
The gnoll sergeant looks as sick as possible!
The gnoll sergeant misses you.
You completely miss the gnoll sergeant. The gnoll sergeant closely misses you.
The gnoll sergeant blocks your attack.
You hit the gnoll sergeant.
The gnoll sergeant looks as sick as possible!
A gnoll comes into view. It is wielding a +0 spear.
The gnoll sergeant hits you with a +0 trident!
The gnoll sergeant blocks your attack.
The gnoll sergeant hits you with a +0 trident!
The gnoll completely misses you.
You hit the gnoll sergeant.
The gnoll sergeant looks as sick as possible!
The gnoll sergeant hits you with a +0 trident!
* * * LOW HITPOINT WARNING * * *
The gnoll hits you from afar with a +0 spear.
You die...

####################
...................#
#####..##########.#
#..#........#.#
#...<.......#.#
##.####.###########.#
.......ggs.)........#
#.#####g#############
.g......# #........
##########


You could see a gnoll sergeant (extremely poisoned) and 2 gnolls.

Vanquished Creatures
  A black bear (D:4)
  A scorpion (D:4)
  A jelly (D:4)
  2 hounds (D:4)
  An iguana (D:4)
  2 gnolls (D:5)
  3 adders
  A dart slug (D:4)
  3 orcs
  7 ball pythons
  5 endoplasms
  4 giant cockroaches
  13 goblins
  14 hobgoblins
  4 jackals (D:2)
  3 quokkas
  4 bats
  A frilled lizard (D:1)
  4 kobolds
  5 rats
79 creatures vanquished.

Notes
Turn   | Place    | Note
-------+----------+-------------------------------------------
     0 | D:1      | Colgate the Octopode Transmuter began the quest for the
                  | Orb.
     0 | D:1      | Reached XP level 1. HP: 13/13 MP: 3/3
   298 | D:1      | Reached XP level 2. HP: 18/18 MP: 3/5
   339 | D:1      | Learned a level 2 spell: Wereblood
   562 | D:1      | Reached skill level 4 in Unarmed Combat
   647 | D:1      | Found a faded altar of an unknown god.
   658 | D:1      | Prayed at the altar of an unknown god.
   658 | D:1      | Became a worshipper of Uskayaw the Reveller
   658 | D:1      | Reached * piety under Uskayaw
   770 | D:1      | Reached XP level 3. HP: 23/23 MP: 6/6
   927 | D:2      | Identified the +5 cloak "Wackasa" {*Corrode rF+ Str+6 SInv}
  1044 | D:2      | Reached ** piety under Uskayaw
  1730 | D:2      | Reached XP level 4. HP: 26/28 MP: 1/7
  1929 | D:3      | Reached skill level 5 in Unarmed Combat
  1933 | D:3      | Learned a level 3 spell: Spider Form
  1998 | D:3      | Reached skill level 1 in Poison Magic
  2650 | D:3      | Identified the +9 spear "Tiddoo" {venom, Str+8 Dex-2
                  | Stlth+}
  2852 | D:4      | Reached XP level 5. HP: 28/33 MP: 4/8
  2947 | D:4      | Reached skill level 1 in Invocations
  3240 | D:4      | Noticed a black bear
  3251 | D:4      | Killed a black bear
  3252 | D:4      | Reached XP level 6. HP: 29/42 MP: 5/9
  4142 | D:5      | Entered Level 5 of the Dungeon
  4220 | D:5      | HP: 2/43 [gnoll sergeant/+0 trident (13)]
  4220 | D:5      | Slain by a gnoll

Illustrated notes

Levels and vault maps discovered:
D:1:      minmay_arrival_up_and_down, layout_rooms, basic_ecumenical_altar
D:2:      cheibrodos_greedy_goblins, layout_loops_ring,
          kennysheep_generic_room_4
D:3:      layout_basic
D:4:      layout_basic, kennysheep_minor_cross
D:5:      layout_basic, biasface_ghost_orc_armoury,
          kennysheep_decorative_pillar, uniq_pikel

Skill      XL: |  1  2  3  4  5  6 |
---------------+-------------------+-----
Unarmed Combat | 4 5 |  5.4
Poison Magic   | 1 |  1.0
Transmutations | 3 |  3.0
Invocations    | 1 |  1.5
Fighting       | 3 4 |  4.1
Dodging        | |  2.0
Spellcasting   | |  2.0

Action                   |  1- 3 |  4- 6 || total
-------------------------+-------+-------++-------
Melee: Unarmed           |    75 |    96 ||   171
       Kick              |    11 |     1 ||    12
       Constrict         |    18 |     9 ||    27
       Tentacles         |     7 |     4 ||    11
       Punch             |     1 |     2 ||     3
Throw: Dart              |       |     3 ||     3
 Cast: Beastly Appendage |    11 |     1 ||    12
       Wereblood         |     3 |     2 ||     5
       Spider Form       |       |    16 ||    16
Invok: Stomp             |       |     2 ||     2
  Use: Scroll            |       |     6 ||     6
 Stab: Sleeping          |     8 |     4 ||    12
Armor: Skin              |     3 |     2 ||     5
Dodge: Dodged            |    32 |    66 ||    98
Block: Kite shield       |    13 |     1 ||    14
